 Dungeon Crawl Stone Soup version 0.17-a0-2208-ge5ab1d3 (webtiles) character file.

429 Ijustatesigmund the Sneak (level 6, 0/36 HPs)
             Began as an Octopode Wizard on Oct 26, 2015.
             Slain by Pikel
             ... wielding a +0 whip of electrocution
              (13 damage)
             ... on level 6 of the Dungeon.
             The game lasted 00:16:44 (4468 turns).

Ijustatesigmund the Sneak (Octopode Wizard)         Turns: 4468, Time: 00:16:44

Health: 0/36       AC:  2    Str:  7      XL:     6   Next: 98%
Magic:  4/11       EV: 12    Int: 22      God:
Gold:   105        SH:  0    Dex:  9 (10) Spells: 4 memorised, 5 levels left

rFire  + . .     SeeInvis .     g - +0 short sword
rCold  . . .     Clarity  .     (no shield)
rNeg   . . .     SustAt   .     a - +1 hat
rPois  .         Gourm    .     (no amulet)
rElec  .         Spirit   .     (no ring)
rCorr  .         Warding  .     (no ring)
rMut   .         Stasis   .     (no ring)
MR     .....                    (no ring)
Stlth  ++++......               (no ring)
                                (no ring)
                                (no ring)
                                (no ring)

@: repel missiles, not resistant to hostile enchantments, stealthy
A: almost no armour, amphibious, 8 rings, constrict 8, camouflage 1, fire
resistance 1, low mp 1, regeneration 1, gelatinous body 1
a: no special abilities


You were on level 6 of the Dungeon.
You were very hungry.

You visited 1 branch of the dungeon, and saw 7 of its levels.

You collected 189 gold pieces.
You spent 84 gold pieces at shops.

Inventory:

Hand Weapons
 g - a +0 short sword (weapon)
Missiles
 i - 5 javelins (quivered)
Armour
 a - a +1 hat (worn)
 d - a +0 buckler
Jewellery
 n - an uncursed amulet of rage {unknown}
Scrolls
 e - 2 scrolls of teleportation
 j - a scroll of fog
 l - 3 scrolls of identify
Potions
 f - a potion of flight
 h - a potion of lignification
 m - a potion of curing {unknown}
Books
 b - a book of Minor Magic

   Spells                             Type                      Level
   a - Magic Dart                     Conjuration                  1
   b - Blink                          Translocation                2
   c - Call Imp                       Summoning                    2
   d - Repel Missiles                 Charms/Air                   2
   e - Slow                           Hexes                        2
   f - Conjure Flame                  Conjuration/Fire             3
   g - Mephitic Cloud                 Conjuration/Poison/Air       3
Comestibles
 c - 7 bread rations
 k - a meat ration


   Skills:
 - Level 2.0 Dodging
 + Level 6.8 Stealth
 + Level 4.2 Spellcasting
 + Level 4.2 Conjurations
   Level 1.0 Summonings
 - Level 1.0 Translocations


You had 5 spell levels left.
You knew the following spells:

 Your Spells              Type           Power        Failure   Level  Hunger
a - Magic Dart            Conj           ###.         1%          1    None
b - Blink                 Tloc           N/A          12%         2    #......
c - Repel Missiles        Chrm/Air       #.....       17%         2    #......
d - Mephitic Cloud        Conj/Pois/Air  ##......     21%         3    ##.....


Dungeon Overview and Level Annotations

Branches:
Dungeon (7/15)
 Temple: D:4-7

Altars:
Ashenzari
Fedhas
Gozag
Nemelex Xobeh

Shops:
D:4 ?

Annotations:
D:3 Duffy's ghost, weakling TeFi; Natasha
D:4 Menkaure
D:5 Ijustatesigmund's ghost, novice OpWz
D:6 Eustachio; Pikel


Innate Abilities, Weirdness & Mutations

You cannot wear most types of armour.
You are amphibious.
You can wear up to eight rings at the same time.
You can use your tentacles to constrict eight enemies at once.
Your skin changes colour to match your surroundings (Stealth).
Your rubbery body absorbs attacks (AC +1).
Your flesh is heat resistant.
Your magical capacity is low (-10% MP).
Your natural rate of healing is unusually fast.


Message History

Press: ? - help, Shift-Dir - straight line, f/p - Pikel
Aim: Pikel, wielding a whip of electrocution and wearing a robe (moderately wounded, confused)
The magic dart hits Pikel.
Pikel is moderately wounded.
Casting: Magic Dart
Confirm with . or Enter, or press ? or * to list all spells.
Aiming: Magic Dart
Press: ? - help, Shift-Dir - straight line, f/p - Pikel
Aim: Pikel, wielding a whip of electrocution and wearing a robe (moderately wounded, confused)
The magic dart hits Pikel.
Pikel is heavily wounded.
Things that are here:
an animal skin; a human corpse Pikel hits the slave with a whip of electrocution.
You barely miss Pikel. You grab Pikel.
Pikel is heavily wounded.
You constrict Pikel, but do no damage.
Pikel hits you with a whip of electrocution!
You are electrocuted!
You die...

...###.# ..%
#...... #########..
+......
#.##...##'###.##..#
#..+...##..##.##..#
#.##.......p.......
#.####'##.###.##+##
#.##...##.###'##.##
#.@Kp...........p..
#[###........###'##
#.###'##########.##
#...#..# #.....#
#.>.'..# #.....'
#..##..# ##...##
#..##### ######
#....# #[...#


You could see Pikel (confused) and a slave.

Vanquished Creatures
  An ogre (D:4)
  3 slaves
  2 crimson imps (D:6)
  An orc priest (D:4)
  A quasit (D:5)
  Ijyb (D:3)
  An iguana (D:6)
  4 gnolls (D:2)
  6 adders
  2 worms (D:4)
  3 giant geckos
  7 orcs (D:4)
  5 bats
  4 giant cockroaches
  2 hobgoblins
  6 jackals (D:1)
  8 kobolds
  4 giant newts
  5 goblins
  2 quokkas
  3 rats
71 creatures vanquished.

Notes
Turn   | Place    | Note
--------------------------------------------------------------
     0 | D:1      | Ijustatesigmund the Octopode Wizard began the quest for the Orb.
     0 | D:1      | Reached XP level 1. HP: 11/11 MP: 4/4
   114 | D:1      | Reached XP level 2. HP: 9/17 MP: 1/6
   118 | D:1      | Learned a level 2 spell: Blink
   121 | D:1      | Learned a level 2 spell: Repel Missiles
  1203 | D:1      | Reached XP level 3. HP: 21/21 MP: 3/7
  1256 | D:2      | Reached skill level 4 in Stealth
  1642 | D:2      | Learned a level 3 spell: Mephitic Cloud
  1721 | D:2      | Reached XP level 4. HP: 3/27 MP: 0/8
  1722 | D:2      | HP: 2/40 [poisoned by an adder]
  1726 | D:2      | Gained mutation: Your natural rate of healing is unusually fast. [potion of mutation]
  1726 | D:2      | Gained mutation: Your flesh is heat resistant. [potion of mutation]
  1726 | D:2      | Gained mutation: Your magical capacity is low (-10% MP). [potion of mutation]
  1728 | D:2      | HP: 1/40 [poisoned by an adder]
  1736 | D:2      | HP: 2/40 [poisoned by an adder]
  2212 | D:2      | Reached skill level 5 in Stealth
  2367 | D:3      | Found a sparkling altar of Nemelex Xobeh.
  2376 | D:3      | Found a blossoming altar of Fedhas.
  2508 | D:3      | Noticed Ijyb
  2518 | D:3      | Killed Ijyb
  2518 | D:3      | Reached XP level 5. HP: 24/31 MP: 1/9
  2654 | D:3      | Noticed Natasha
  2656 | D:3      | Noticed Duffy's ghost (weakling TeFi)
  2758 | D:4      | Found Weent's Magic Scroll Shop.
  2799 | D:4      | Bought a scroll of fog for 28 gold pieces
  2799 | D:4      | Bought a scroll of identify for 28 gold pieces
  2799 | D:4      | Bought a scroll of identify for 28 gold pieces
  2828 | D:4      | Noticed Menkaure
  2915 | D:4      | Found an opulent altar of Gozag.
  3107 | D:4      | Noticed an ogre
  3129 | D:4      | Killed an ogre
  3129 | D:4      | Reached skill level 6 in Stealth
  3129 | D:4      | Reached XP level 6. HP: 16/36 MP: 2/10
  3333 | D:4      | Found a shattered altar of Ashenzari.
  3667 | D:5      | Entered Level 5 of the Dungeon
  3693 | D:4      | You fall through a shaft for 2 floors!
  3882 | D:6      | Noticed Eustachio
  3980 | D:6      | Noticed Pikel
  4265 | D:5      | Noticed Ijustatesigmund's ghost (novice OpWz)
  4468 | D:6      | Slain by Pikel

Vault maps used:
D:1:      minmay_arrival_four_houses
D:2:      minmay_misc_feat_encased
D:3:      nemelex_deck, lemuel_coloured_pillars_altar,
          gammafunk_temple_overflow_wave, fedhas_altar_1, uniq_iyjb,
          uniq_natasha
D:4:      lemuel_round_altar, grunt_gozag_breadcrumbs, serial_shops, shop,
          first_bread, uniq_menkaure
D:6:      minmay_temple_entry_large_hall, uniq_pikel, uniq_eustachio
D:7:      uniq_duvessa

Action                   |  1- 3 |  4- 6 || total
-------------------------+-------+-------++-------
Melee: Unarmed           |    18 |       ||    18
       Short sword       |     7 |   115 ||   122
 Cast: Magic Dart        |    64 |    86 ||   150
       Repel Missiles    |     1 |     1 ||     2
       Mephitic Cloud    |       |    10 ||    10
       Blink             |       |     1 ||     1
  Use: Scroll            |     6 |     6 ||    12
       Potion            |     1 |     2 ||     3
 Stab: Sleeping          |     2 |     7 ||     9
       Confused          |       |     1 ||     1
  Eat: Chunk             |     1 |     8 ||     9
       Fruit             |     2 |       ||     2
